 Dungeon Sprint DCSS version 0.31-a0-716-gc7603755dd (webtiles) character file.

Game seed: 16365917088038255863

3103 fozzywoppz the Unseen (level 9, -37/47 HPs)
             Began as a Spriggan Enchanter on Sept 10, 2023.
             Was an Elder of Sif Muna.
             Killed by an exploding red devil (45 damage)
             ... ignited by their inner flame
             ... in the Dungeon (Sprint III: "The Ten Rune Challenge").
             The game lasted 00:08:48 (636 turns).

fozzywoppz the Unseen (Spriggan Enchanter)           Turns: 636, Time: 00:08:48

Health: -37/47     AC:  3    Str:  4    XL:     9   Next: 59%
Magic:  14/22      EV: 30    Int: 16    God:    Sif Muna [****..]
Gold:   52         SH:  0    Dex: 20    Spells: 13/24 levels left

rFire   . . .        a - +1 dagger
rCold   . . .        (no shield)
rNeg    . . .        b - +0 robe
rPois   .            (helmet restricted)
rElec   .            h - +0 cloak
rCorr   .            (gloves unavailable)
SInv    +            (boots unavailable)
Will    +....        (no amulet)
Stlth   +++++++      (no ring)
HPRegen 0.27/turn    (no ring)
MPRegen 0.18/turn

%: no teleportation
@: very quick
A: very small, no large weapons, unfitting armour, see invisible, speed 3
a: Renounce Religion, Channel Magic, Forget Spell, Divine Exegesis


You were in the Dungeon.
You worshipped Sif Muna.
Sif Muna was greatly pleased with you.
You visited 1 branch You collected 52 gold pieces.

Inventory:

Hand Weapons
 a - a +1 dagger (weapon)
Armour
 b - a +0 robe (worn)
 h - a +0 cloak (worn)
Wands
 m - a wand of mindburst (3)
Scrolls
 j - a scroll of enchant armour
Potions
 c - a potion of invisibility
 d - a potion of curing
 e - a potion of heal wounds
 f - a potion of haste
 g - 2 potions of magic
 k - 5 potions of mutation
 n - 3 potions of enlightenment
Miscellaneous
 o - a box of beasts (inert)


   Skills:
 - Level 5.0 Fighting
 - Level 8.0 Short Blades
 + Level 14.9 Dodging
 + Level 18.2 Stealth
 + Level 8.0 Spellcasting
 - Level 10.0 Hexes
 + Level 4.7 Invocations
 + Level 6.4 Evocations


You had 13 spell levels left.
You knew the following spells:

 Your Spells              Type           Power      Damage    Failure   Level
a - Ensorcelled Hibernat  Hex/Ice        44%        N/A       2%          2
b - Confusing Touch       Hex            38%        N/A       1%          3
c - Dazzling Flash        Conj/Hex       44%        N/A       4%          3
d - Tukima's Dance        Hex            38%        N/A       1%          3

Your spell library contained the following spells:

 Spells                   Type           Power      Damage    Failure   Level
 Frozen Ramparts          Ice            12%        1d2       32%         3
 Metabolic Englaciation   Hex/Ice        11%        N/A       36%         5
 Petrify                  Tmut/Erth      6%         N/A       73%         4


Dungeon Overview and Level Annotations

Branches:
Dungeon (1/1)

Altars:
Cheibriados
Dithmenos
Elyvilon
Fedhas
Gozag
Hepliaklqana
Kikubaaqudgha
Makhleb
Nemelex Xobeh
Okawaru
Qazlal
Ru
Sif Muna
Trog
Uskayaw
Vehumet
Wu Jian
Xom
Yredelemnul
Zin
The Shining One
Jiyva
Lugonu


Innate Abilities, Weirdness & Mutations

You are very small and have problems with some larger weapons.
You are too small for most types of armour.
You have supernaturally acute eyesight. (SInv)
You cover ground extremely quickly. (Speed+++)


Message History

Okay, then.
Aiming: Mindburst
Press: ? - help, Shift-Dir - straight line, f - red devil
Aim: a red devil, wielding a +0 trident (summoned, inner flame, chance to affect: 54%)
The red devil resists with significant effort.
The orc high priest splashes around in the water.
The ynoxinul gestures at you. The entropic shot misses you.
The entropic shot hits your juvenile weirdfire beast!!
The red devil completely misses you.
Aiming: Mindburst
Press: ? - help, Shift-Dir - straight line, f/p - red devil
Aim: a red devil, wielding a +0 trident (summoned, inner flame, chance to affect: 54%)
The red devil's mind is blasted!!
Flame seeps out of the red devil.
The orc high priest splashes around in the water.
The ynoxinul gestures.
The red devil barely misses you.
Okay, then.
You closely miss the red devil.
The red devil is almost dead.
You carefully extract the barbed spikes from your body.
The orc high priest splashes around in the water.
Unknown command.
Aiming: Mindburst
Press: ? - help, Shift-Dir - straight line, f/p - red devil
Aim: a red devil, wielding a +0 trident (flame, almost dead, summoned, inner flame, chance to affect: 54%)
The red devil's mind is blasted!
The red devil disappears in a puff of smoke!
The red devil explodes!
Sif Muna accepts your kill.
You hear a splash. x3
You feel a bit more experienced.
The fiery explosion engulfs the orc high priest!!!
Flame seeps out of the orc high priest.
The orc high priest is severely wounded.
The fiery explosion engulfs the ynoxinul!!
The ynoxinul is almost dead.
The fiery explosion engulfs you!!!
Ouch! That really hurt!
You die...

__#___#__##$$###
..#__)#÷_#...))
#'#'###'##$.)o
.........#)oB
⌠........#oo
..######'#$#
⌠.#__#.v.#'#############
..#__#...#.4ooo°3#.'...+
###__#...#.#§§§#@#.#...#
))#__#...+.#§§§#H#.#)..#
__#__'...#.#§§§#...#)).#
▓▓▓▓▓▓▓▓▓▓▓▓▓▓▓▓▓▓▓▓▓▓▓#


You could see an orc high priest (inner flame), a ynoxinul (summoned, ally
target), a red devil (summoned), 2 orcs and a friendly juvenile weirdfire beast
(summoned).

Vanquished Creatures
  Josephine (D)
  A centaur warrior (D)
  A deep elf pyromancer (D)
  An orc sorcerer (D)
  A shadow (D)
  An orc warrior (D)
  2 centaurs (D)
  An earth elemental (D)
  A necrophage (D)
  A water elemental (D)
  Crazy Yiuf (D)
  A jelly (D)
  A wizard (D)
  A necromancer (D)
  4 orc wizards (D)
  3 humans (D)
  A kobold demonologist (D)
  5 orcs (D)
  4 rats (D)
32 creatures vanquished.

Notes
Turn   | Place    | Note
-------+----------+-------------------------------------------
     0 | D        | fozzywoppz the Spriggan Enchanter began the quest for the
                  | Orb.
     0 | D        | Reached XP level 1. HP: 9/9 MP: 5/5
    71 | D        | Reached skill level 5 in Stealth
    71 | D        | Reached XP level 2. HP: 13/13 MP: 5/7
    78 | D        | Learned a level 2 spell: Ensorcelled Hibernation
    80 | D        | Noticed Crazy Yiuf
    86 | D        | Killed Crazy Yiuf
    87 | D        | Reached skill level 6 in Stealth
    87 | D        | Reached skill level 5 in Hexes
    87 | D        | Reached XP level 3. HP: 16/16 MP: 5/10
   133 | D        | Noticed a water elemental
   136 | D        | Killed a water elemental
   137 | D        | Reached skill level 5 in Dodging
   137 | D        | Reached skill level 8 in Stealth
   137 | D        | Reached skill level 5 in Spellcasting
   137 | D        | Reached XP level 4. HP: 21/21 MP: 12/12
   141 | D        | Found a radiant altar of Vehumet.
   142 | D        | Found a shimmering blue altar of Sif Muna.
   142 | D        | Found an ancient bone altar of Kikubaaqudgha.
   142 | D        | Noticed a wizard
   143 | D        | Killed a wizard
   146 | D        | Reached skill level 5 in Short Blades
   146 | D        | Reached skill level 9 in Stealth
   146 | D        | Reached XP level 5. HP: 24/24 MP: 13/13
   156 | D        | Found a glowing silver altar of Zin.
   157 | D        | Found a glowing golden altar of the Shining One.
   157 | D        | Found a white marble altar of Elyvilon.
   157 | D        | Noticed a deep elf pyromancer
   159 | D        | Killed a deep elf pyromancer
   160 | D        | Reached skill level 10 in Dodging
   160 | D        | Reached skill level 13 in Stealth
   160 | D        | Reached XP level 6. HP: 28/28 MP: 14/14
   160 | D        | Reached XP level 7. HP: 32/32 MP: 15/15
   166 | D        | Found a hide-covered altar of Uskayaw.
   166 | D        | Found an iron altar of Okawaru.
   166 | D        | Found a bloodstained altar of Trog.
   166 | D        | Found an ornate altar of the Wu Jian Council.
   166 | D        | Noticed a human
   167 | D        | Noticed a human
   169 | D        | Killed a human
   170 | D        | Reached skill level 14 in Stealth
   170 | D        | Killed a human
   171 | D        | Reached skill level 15 in Stealth
   176 | D        | Found a basalt altar of Yredelemnul.
   176 | D        | Found a shadowy altar of Dithmenos.
   176 | D        | Found a sacrificial altar of Ru.
   189 | D        | Noticed a shadow
   341 | D        | Learned a level 3 spell: Confusing Touch
   345 | D        | Learned a level 3 spell: Dazzling Flash
   381 | D        | Killed a shadow
   382 | D        | Reached skill level 1 in Fighting
   382 | D        | Reached XP level 8. HP: 37/37 MP: 13/18
   399 | D        | Found a blossoming altar of Fedhas.
   399 | D        | Found a stormy altar of Qazlal.
   399 | D        | Found a snail-covered altar of Cheibriados.
   399 | D        | Found a burning altar of Makhleb.
   399 | D        | Found a shimmering altar of Xom.
   400 | D        | Found a hazy altar of Hepliaklqana.
   400 | D        | Found an opulent altar of Gozag.
   400 | D        | Found a sparkling altar of Nemelex Xobeh.
   400 | D        | Found a corrupted altar of Lugonu.
   400 | D        | Found a viscous altar of Jiyva.
   521 | D        | Became a worshipper of Sif Muna the Loreminder
   548 | D        | Noticed Josephine
   550 | D        | Killed Josephine
   551 | D        | Reached skill level 16 in Stealth
   551 | D        | Reached skill level 10 in Hexes
   555 | D        | Learned a level 3 spell: Tukima's Dance
   562 | D        | Reached skill level 1 in Invocations
   562 | D        | Reached skill level 1 in Evocations
   566 | D        | Noticed a centaur warrior
   568 | D        | Reached * piety under Sif Muna
   569 | D        | Reached skill level 17 in Stealth
   570 | D        | Killed a centaur warrior
   571 | D        | Reached XP level 9. HP: 46/46 MP: 19/22
   598 | D        | Noticed an orc sorcerer
   600 | D        | Noticed a sun demon
   600 | D        | Reached ** piety under Sif Muna
   600 | D        | Reached *** piety under Sif Muna
   600 | D        | Killed an orc sorcerer
   600 | D        | Reached **** piety under Sif Muna
   600 | D        | Noticed an orc high priest
   601 | D        | Reached skill level 5 in Fighting
   601 | D        | Reached skill level 18 in Stealth
   616 | D        | Noticed a red devil
   634 | D        | Noticed a red devil
   636 | D        | Killed by an exploding red devil... ignited by their inner
                  | flame

Illustrated notes

Levels and vault maps discovered:
D:        dungeon_sprint_mu [sprint_mu_entry_cave, sprint_mu_temple_rooms,
          sprint_mu_d1_horrors, sprint_mu_d2_genie, sprint_mu_d3_branching,
          sprint_mu_orc_legion, sprint_mu_elf_gauntlet, sprint_mu_hive_nellie,
          sprint_mu_lair_fedhas, sprint_mu_vaults_butterflies,
          sprint_mu_slime_circle, sprint_mu_swamp_cave, sprint_mu_shoals_archi,
          sprint_mu_blade_basic, sprint_mu_crypt_lich, sprint_mu_tomb_spiral,
          sprint_mu_vestibule_basic, sprint_mu_gehenna_hellfire,
          sprint_mu_dis_giant, sprint_mu_tartarus_statrot,
          sprint_mu_cocytus_islands, sprint_mu_zot1]

Skill      XL: |  1  2  3  4  5  6  7  8  9 |
---------------+----------------------------+-----
Dodging        | 4 5 6 10 12 14 | 14.9
Spellcasting   | 3 4 5 6 8 |  8.0
Short Blades   | 2 3 4 5 8 |  8.0
Stealth        | 5 6 8 9 13 15 17 18 | 18.2
Hexes          | 4 5 6 8 10 | 10.0
Fighting       | 1 4 5 |  5.0
Invocations    | 3 4 |  4.7
Evocations     | 4 6 |  6.4

Action                     |  1- 3 |  4- 6 |  7- 9 || total
---------------------------+-------+-------+-------++-------
  Melee: Dagger            |    20 |     3 |    48 ||    71
         Punch             |     1 |       |     1 ||     2
   Cast: Ensorcelled Hiber |     1 |       |       ||     1
         Confusing Touch   |       |       |     5 ||     5
         Dazzling Flash    |       |       |     2 ||     2
         Tukima's Dance    |       |       |     1 ||     1
  Evoke: Wand              |       |       |     6 ||     6
         Box of beasts     |       |       |     1 ||     1
    Use: Potion            |     2 |       |     2 ||     4
         Scroll            |     3 |       |     3 ||     6
   Stab: Sleeping          |     4 |     3 |    10 ||    17
         Confused          |       |       |     1 ||     1
 Armour: Robe              |     3 |       |     7 ||    10
  Dodge: Dodged            |     9 |       |    25 ||    34

Table legend: (Time is in decaauts)
 A = Elapsed time spent in this place.
 B = Non-inter-level travel time spent in this place.
 C = Inter-level travel time spent in this place.
 D = Time resting spent in this place.
 E = Time spent auto-exploring this place.
 F = Levels seen in this place.
 G = Mean time per level.
                   A        B        C        D        E       F      G
               +--------+--------+--------+--------+--------+-----+--------+
         Total |    503 |    503 |      0 |    178 |     13 |   1 |  503.0 |
       Dungeon |    503 |    503 |      0 |    178 |     13 |   1 |  503.0 |
               +--------+--------+--------+--------+--------+-----+--------+

Top non-repeatable levels by time:
       D: 503 daAuts
